 Dungeon Crawl Stone Soup version 0.26-a0-639-g72c4674 (webtiles) character file.

Game seed: 7079505774478725992

80 B1Gdaddy5 the Skirmisher (level 4, -1/37 HPs)
             Began as a Human Wanderer on Sept 20, 2020.
             Slain by a gnoll
             ... wielding a +0 whip
              (2 damage)
             ... on level 3 of the Dungeon.
             The game lasted 00:11:05 (2053 turns).

B1Gdaddy5 the Skirmisher (Human Wanderer)           Turns: 2053, Time: 00:11:06

Health: -1/37      AC:  5    Str: 18    XL:     4   Next: 65%
Magic:  4/4        EV: 11    Int: 11    God:
Gold:   66         SH:  0    Dex:  9    Spells: 3/3 levels left

rFire    . . .     SeeInvis .   a - +2 hand axe
rCold    . . .     Faith    .   (no shield)
rNeg     . . .     Spirit   .   p - +0 leather armour
rPois    .         Reflect  .   h - +0 hat
rElec    .         Harm     .   (no cloak)
rCorr    .         Rampage  .   j - +0 pair of gloves
MR       .....                  k - +0 pair of boots
Stlth    +.........             l - amulet of the acrobat
HPRegen  0.12/turn              (no ring)
MPRegen  0.09/turn              (no ring)

@: no status effects
A: no striking features
a: no special abilities


You were on level 3 of the Dungeon.
You visited 1 branch of the dungeon, and saw 3 of its levels.

You collected 66 gold pieces.

Inventory:

Hand Weapons
 a - a +2 hand axe (weapon)
 m - a +0 dagger
Missiles
 c - 5 poisoned darts (quivered)
Armour
 e - a +0 robe
 h - a +0 hat (worn)
 j - a +0 pair of gloves (worn)
 k - a +0 pair of boots (worn)
 p - a +0 leather armour (worn)
Jewellery
 l - an amulet of the acrobat (around neck)
Scrolls
 f - a scroll of blinking
 i - a scroll of remove curse
 q - a scroll of fog {unknown}
Potions
 b - 2 potions of curing
 g - a potion of brilliance
 n - a potion of heal wounds
 o - a potion of invisibility {unknown}
 r - a potion of haste


   Skills:
 + Level 3.8 Fighting
 + Level 2.5 Axes
   Level 1.0 Staves
 + Level 3.1 Throwing
 + Level 2.0 Armour
 + Level 1.0 Dodging
 + Level 0.1 Stealth


You had 3 spell levels left.
You didn't know any spells.
Your spell library was empty.

Dungeon Overview and Level Annotations

Branches:
Dungeon (3/15)

Altars:
Ashenzari


Message History

You are too injured to fight recklessly!
You are too injured to fight recklessly!
You are too injured to fight recklessly!
You are too injured to fight recklessly!
You are too injured to fight recklessly!
You are too injured to fight recklessly!
You are too injured to fight recklessly!
You are too injured to fight recklessly!
You are too injured to fight recklessly!
The gnoll barely misses you. The gnoll hits you with a +0 whip.
* * * LOW HITPOINT WARNING * * *
The gnoll barely misses you. The gnoll hits you but does no damage.
You struggle against the net.
The gnoll hits you with a +0 whip.
* * * LOW HITPOINT WARNING * * *
You struggle against the net.
The gnoll hits you but does no damage.
You struggle against the net.
The gnoll barely misses you.
You rip the net and break free!
The gnoll hits you with a +0 whip.
You die...

......#
####.....#
........+
#......# #
#....#.#.g.#
#..g.._gg..#
#.#+##.##### #g#
#
###########@####
.......<..)....#
###########.#..#
#.#..# #.##.#
#....# ######


You could see a gnoll.

Vanquished Creatures
  3 gnolls (D:3)
  An ooze (D:2)
  2 worms (D:2)
  A dart slug (D:1)
  4 leopard geckos
  3 bats
  2 giant cockroaches
  2 goblins
  7 hobgoblins
  2 frilled lizards (D:2)
  4 kobolds
  5 rats
36 creatures vanquished.

Notes
Turn   | Place    | Note
-------+----------+-------------------------------------------
     0 | D:1      | B1Gdaddy5 the Human Wanderer began the quest for the Orb.
     0 | D:1      | B1Gdaddy5 set off with the following items: a +2 hand axe,
                  | a potion of curing, 11 poisoned darts, a +0 dagger, a +0
                  | robe
     0 | D:1      | Reached XP level 1. HP: 18/18 MP: 1/1
   126 | D:1      | Reached XP level 2. HP: 24/24 MP: 2/2
  1104 | D:2      | Reached XP level 3. HP: 29/29 MP: 3/3
  1770 | D:2      | Reached XP level 4. HP: 37/37 MP: 4/4
  1997 | D:3      | Found a shattered altar of Ashenzari.
  2030 | D:3      | Reached skill level 1 in Dodging
  2050 | D:3      | HP: 1/37 [gnoll/+0 whip (5)]
  2053 | D:3      | Slain by a gnoll

Illustrated notes

Levels and vault maps discovered:
D:1:      mrwooster_arrival_statue, layout_basic, st_stairs_8, dk_noncrumbling_4
D:2:      layout_loops_ring, st_stairs_3
D:3:      layout_basic, ashenzari_altar_1, uniq_ijyb

Skill      XL: |  1  2  3  4 |
---------------+-------------+-----
Dodging        | 1 |  1.0
Throwing       | 3 |  3.1
Fighting       | |  3.8
Axes           | |  2.5
Staves         | |  1.0
Armour         | |  2.0
Stealth        | |  0.1

Action                   |  1- 3 |  4- 6 || total
-------------------------+-------+-------++-------
Melee: Hand axe          |    88 |    15 ||   103
Throw: Dart              |    31 |     1 ||    32
  Use: Scroll            |     3 |     2 ||     5
       Potion            |       |     1 ||     1
Armor: Robe              |    18 |       ||    18
       Leather armour    |     2 |     3 ||     5
Dodge: Dodged            |    51 |    16 ||    67

Table legend: (Time is in decaauts)
 A = Elapsed time spent in this place.
 B = Non-inter-level travel time spent in this place.
 C = Inter-level travel time spent in this place.
 D = Time resting spent in this place.
 E = Time spent auto-exploring this place.
 F = Levels seen in this place.
 G = Mean time per level.
                   A        B        C        D        E       F      G
               +--------+--------+--------+--------+--------+-----+--------+
         Total |   2048 |   1977 |     71 |    144 |   1324 |   3 |  682.7 |
       Dungeon |   2048 |   1977 |     71 |    144 |   1324 |   3 |  682.7 |
               +--------+--------+--------+--------+--------+-----+--------+

Top non-repeatable levels by time:
     D:1: 1023 daAuts
     D:2: 968 daAuts
     D:3: 56 daAuts
